 Dungeon Crawl Stone Soup version 0.29-a0-723-gce39da1c22 (webtiles) character file.

Game seed: 3018328972325925283

27 ytrimaz the Chopper (level 2, 0/24 HPs)
             Began as a Demonspawn Berserker on June 28, 2022.
             Was a Follower of Trog.
             Slain by a worm (9 damage)
             ... on level 2 of the Dungeon.
             The game lasted 00:01:00 (1214 turns).

ytrimaz the Chopper (Demonspawn Berserker)          Turns: 1214, Time: 00:01:01

Health: 0/24       AC:  2    Str: 17    XL:     2   Next: 93%
Magic:  2/2        EV: 12    Int:  8    God:    Trog [*.....]
Gold:   75         SH:  0    Dex: 12    Spells: 1/1 levels left

rFire   . . .      SeeInvis .   a - +0 hand axe
rCold   . . .      Faith    .   (no shield)
rNeg    . . .      Spirit   .   b - +0 animal skin
rPois   .          Reflect  .   (no helmet)
rElec   .          Harm     .   (no cloak)
rCorr   .          Rampage  .   (no gloves)
Will    .....                   (no boots)
Stlth   +.........              (no amulet)
HPRegen 0.08/turn               (no ring)
MPRegen 0.08/turn               (no ring)

@: no status effects
A: foul stench 1
a: Renounce Religion, Berserk


You were on level 2 of the Dungeon.
You worshipped Trog.
Trog was aware of your devotion.
You visited 1 branch of the dungeon, and saw 2 of its levels.

You collected 75 gold pieces.

Inventory:

Hand Weapons
 a - a +0 hand axe (weapon)
Armour
 b - a +0 animal skin (worn)
Scrolls
 c - 3 scrolls of identify {unknown}
 f - a scroll of blinking {unknown}
Potions
 d - a potion of heal wounds {unknown}
 g - 2 potions of flight {unknown}


   Skills:
 - Level 3.0 Fighting
 + Level 3.8 Axes
 - Level 1.7 Armour
 - Level 1.7 Dodging


You had one spell level left.
You didn't know any spells.
Your spell library was empty.

Dungeon Overview and Level Annotations

Branches:
Dungeon (2/15)

Altars:
Dithmenos


Innate Abilities, Weirdness & Mutations

You may rarely emit foul miasma when damaged in melee.


Message History

Trog accepts your kill. The worm bites you.
You see here a jackal corpse.
You hit the worm.
The worm is lightly wounded.
The worm closely misses you.
Found a scroll labelled VOODUAMMUI.
The worm bites you.
You hit the worm.
The worm is lightly wounded.
You barely miss the worm.
The worm is lightly wounded.
The worm bites you but does no damage.
You hit the worm.
The worm is moderately wounded.
The worm barely misses you.
You barely miss the worm.
The worm is moderately wounded.
You slash the worm!
The worm is severely wounded.
The worm barely misses you.
You hit the worm.
The worm is severely wounded.
Your hearing returns.
The worm barely misses you.
You hit the worm but do no damage.
The worm is severely wounded.
You barely miss the worm. You punch the worm, but do no damage.
The worm is severely wounded.
The worm bites you!
Unknown command.
The worm misses you.
You hit the worm but do no damage.
The worm is heavily wounded.
The worm closely misses you.
You hit the worm.
The worm is severely wounded.
You hit the worm.
The worm is almost dead.
The worm bites you!
You die...

?. .... #.#.# #
....# .##
#...######....
#..#.....#
#.#...@w####
#.......†.^#
#....._..##...#
#.#......#
##....? .
##......# ###.
..........
########....
#####


You could see a worm.

Vanquished Creatures
  2 ball pythons (D:1)
  2 endoplasms
  2 goblins (D:1)
  3 hobgoblins (D:1)
  3 jackals (D:2)
  6 kobolds (D:1)
  A quokka (D:1)
  3 frilled lizards (D:1)
  A rat (D:1)
23 creatures vanquished.

Vanquished Creatures (others)
  2 plants (D:2)
2 creatures vanquished.

Grand Total: 25 creatures vanquished

Notes
Turn   | Place    | Note
-------+----------+-------------------------------------------
     0 | D:1      | ytrimaz the Demonspawn Berserker began the quest for the
                  | Orb.
     0 | D:1      | Reached XP level 1. HP: 18/18 MP: 1/1
   370 | D:1      | Gained mutation: You may rarely emit foul miasma when
                  | damaged in melee. [demonic ancestry]
   370 | D:1      | Reached XP level 2. HP: 24/24 MP: 2/2
  1184 | D:2      | Found a shadowy altar of Dithmenos.
  1214 | D:2      | Slain by a worm

Illustrated notes

Levels and vault maps discovered:
D:1:      minmay_arrival_cross, layout_basic, hangedman_decor_growths,
          nicolae_concentric_dashed_squares_wild, minmay_misc_feat_four_crosses,
          skrybe_limestone_x, chequers_serial_rivers_small_a, chequers_jeans,
          serial_bayou_crossing
D:2:      layout_rooms, shapermc_ecumenical_altar_mp_ritualfount, basic_altar,
          minmay_tromino_v2, uniq_jessica

Skill      XL: |  1 |
---------------+----+-----
Axes           | 3 |  3.8
Fighting       | |  3.0
Armour         | |  1.7
Dodging        | |  1.7

Action                   || total
-------------------------++-------
Melee: Hand axe          ||    74
       Punch             ||     1
  Use: Scroll            ||     1
Armor: Animal skin       ||    14
Dodge: Dodged            ||    42

Table legend: (Time is in decaauts)
 A = Elapsed time spent in this place.
 B = Non-inter-level travel time spent in this place.
 C = Inter-level travel time spent in this place.
 D = Time resting spent in this place.
 E = Time spent auto-exploring this place.
 F = Levels seen in this place.
 G = Mean time per level.
                   A        B        C        D        E       F      G
               +--------+--------+--------+--------+--------+-----+--------+
         Total |   1233 |   1188 |     45 |    137 |    873 |   2 |  616.5 |
       Dungeon |   1233 |   1188 |     45 |    137 |    873 |   2 |  616.5 |
               +--------+--------+--------+--------+--------+-----+--------+

Top non-repeatable levels by time:
     D:1: 1201 daAuts
     D:2: 32 daAuts
